 Dungeon Crawl Stone Soup version 0.18-a0-1560-ge216ca8 (webtiles) character file.

117 Ijustatesigmund the Insei (level 5, 0/36 HPs)
             Began as an Octopode Transmuter on Mar 12, 2016.
             Succumbed to a scorpion's poison
             ... on level 4 of the Dungeon.
             The game lasted 00:05:20 (2072 turns).

Ijustatesigmund the Insei (Octopode Transmuter)     Turns: 2072, Time: 00:05:20

Health: 0/36       AC:  1    Str: 10    XL:     5   Next: 1%
Magic:  5/8        EV: 12    Int: 16    God:
Gold:   41         SH:  0    Dex: 12    Spells: 3 memorised, 2 levels left

rFire  . . .     SeeInvis .       - Unarmed
rCold  . . .     Gourm    .     (no shield)
rNeg   . . .     Faith    .     (helmet restricted)
rPois  .         Spirit   .     (no amulet)
rElec  .         Dismiss  .     (no ring)
rCorr  .         Reflect  .     (no ring)
SustAt .         Harm     .     (no ring)
MR     .....                    (no ring)
Stlth  ++........               (no ring)
                                (no ring)
                                (no ring)
                                (no ring)

@: lethally poisoned (0 -> -2), not resistant to hostile enchantments,
unstealthy
A: almost no armour, amphibious, 8 rings, constrict 8, camouflage 1, gelatinous
body 1
a: no special abilities


You were on level 4 of the Dungeon.
You were not hungry.

You visited 1 branch of the dungeon, and saw 3 of its levels.

You collected 41 gold pieces.

Inventory:

Missiles
 a - 30 arrows
Armour
 e - a +0 buckler
Potions
 i - 2 potions of brilliance
Books
 b - a book of Changes

   Spells                             Type                      Level
   a - Beastly Appendage              Transmutation                1
   b - Sticks to Snakes               Transmutation                2
   c - Spider Form                    Transmutation/Poison         3
   d - Ice Form                       Ice/Transmutation            4
   e - Blade Hands                    Transmutation                5
Comestibles
 c - 2 bread rations
 f - a meat ration
 g - 4 chunks of flesh
 h - 3 beef jerkies
 j - a slice of pizza


   Skills:
 + Level 3.0 Fighting
 - Level 2.0 Dodging
 + Level 4.2 Unarmed Combat
 - Level 2.0 Spellcasting
 - Level 2.0 Transmutations
 + Level 1.9 Poison Magic


You had 2 spell levels left.
You knew the following spells:

 Your Spells              Type           Power        Failure   Level  Hunger
a - Beastly Appendage     Trmt           #.....       10%         1    #......
b - Sticks to Snakes      Trmt           #.......     14%         2    ###....
c - Spider Form           Trmt/Pois      #.........   34%         3    ###....


Dungeon Overview and Level Annotations

Branches:
Dungeon (2/15)

Altars:
Pakellas

Annotations:
D:4 kak's ghost, weakling SpAr


Innate Abilities, Weirdness & Mutations

You cannot wear most types of armour.
You are amphibious.
You can wear up to eight rings at the same time.
You can use your tentacles to constrict eight enemies at once.
Your skin changes colour to match your surroundings (Stealth).
Your rubbery body absorbs attacks (AC +1).


Message History

* * * LOW HITPOINT WARNING * * *
You feel sick.
Drink which item? (? for menu, Esc to quit)
Okay, then.
Casting: Beastly Appendage
Confirm with . or Enter, or press ? or * to list all spells.
You turn into a venomous arachnid creature.
* * * LOW HITPOINT WARNING * * *
You feel sick.
* * * LOW HITPOINT WARNING * * *
You feel sick.
Your transformation is almost over.
* * * LOW HITPOINT WARNING * * *
You feel sick.
* * * LOW HITPOINT WARNING * * *
You feel sick.
* * * LOW HITPOINT WARNING * * *
You feel sick.
Your transformation has ended.
You die...

...............#
...............#
...............#
#######.########
########.#
.........#
##########
########### ##.#
.......@..# ...#
#########.# #### #.#
#.# #.# #.# #.# #.#
##################.#


There were no monsters in sight!

Vanquished Creatures
  A scorpion (D:4)
  An ooze (D:1)
  2 dart slugs (D:2)
  3 giant geckos
  2 ball pythons
  2 bats
  10 hobgoblins
  10 jackals
  A kobold (D:2)
  A quokka (D:4)
  A giant newt (D:1)
  4 goblins (D:1)
  3 rats
41 creatures vanquished.

Vanquished Creatures (collateral kills)
  An adder (D:4)
1 creature vanquished.

Grand Total: 42 creatures vanquished

Notes
Turn   | Place    | Note
--------------------------------------------------------------
     0 | D:1      | Ijustatesigmund the Octopode Transmuter began the quest for the Orb.
     0 | D:1      | Reached XP level 1. HP: 13/13 MP: 3/3
   167 | D:1      | Reached XP level 2. HP: 18/18 MP: 3/5
   171 | D:1      | Learned a level 2 spell: Sticks to Snakes
   873 | D:1      | Reached XP level 3. HP: 24/24 MP: 6/6
   878 | D:1      | Learned a level 3 spell: Spider Form
  1602 | D:2      | You fall through a shaft for 2 floors!
  1631 | D:4      | Reached XP level 4. HP: 22/30 MP: 3/7
  1731 | D:4      | Noticed kak's ghost (weakling SpAr)
  1878 | D:4      | Reached skill level 1 in Poison Magic
  1883 | D:4      | Reached skill level 4 in Unarmed Combat
  1931 | D:4      | Found an oddly glowing altar of Pakellas.
  2046 | D:4      | Reached XP level 5. HP: 13/36 MP: 5/8
  2065 | D:4      | HP: 1/36 [poisoned by a scorpion]
  2072 | D:4      | Succumbed to a scorpion's poison

Vault maps used:
D:1:      scummos_arrival_star
D:4:      grunt_pakellas_mercury, first_bread, serial_shops,
          nicolae_shop_waterfront, uniq_eustachio, uniq_menkaure, uniq_grinder

Skill      XL: |  1  2  3  4 |
---------------+-------------+-----
Fighting       | 2 3 |  3.0
Poison Magic   | 1 |  1.9
Unarmed Combat | 4 |  4.2
Dodging        | |  2.0
Spellcasting   | |  2.0
Transmutations | |  2.0

Action                   |  1- 3 |  4- 6 || total
-------------------------+-------+-------++-------
Melee: Unarmed           |    92 |    21 ||   113
 Cast: Beastly Appendage |    11 |     3 ||    14
       Sticks to Snakes  |     2 |     2 ||     4
       Spider Form       |       |     1 ||     1
  Use: Scroll            |     3 |       ||     3
       Potion            |     1 |     1 ||     2
 Stab: Sleeping          |     6 |       ||     6
  Eat: Chunk             |     2 |     2 ||     4
